 Dungeon Crawl Stone Soup version 0.17-a0-1337-ge651487 (webtiles) character file.

22 nuthulu the Insei (level 2, 0/18 HPs)
             Began as an Octopode Transmuter on June 10, 2015.
             Slain by an adder (2 damage)
             ... on level 2 of the Dungeon.
             The game lasted 00:02:48 (1153 turns).

nuthulu the Insei (Octopode Transmuter)             Turns: 1153, Time: 00:02:48

Health: 0/18       AC:  1    Str:  9    XL:     2   Next: 91%
Magic:  4/5        EV: 12    Int: 20    God:
Gold:   46         SH:  0    Dex: 12    Spells: 1 memorised, 5 levels left

rFire  . . .     SeeInvis .       - Unarmed
rCold  . . .     Clarity  .     (no shield)
rNeg   . . .     SustAt   .     (helmet restricted)
rPois  .         Gourm    .     (no amulet)
rElec  .         Spirit   .     (no ring)
rCorr  .         Warding  .     (no ring)
rMut   .         Stasis   .     (no ring)
MR     .....                    (no ring)
Stlth  ++........               (no ring)
                                (no ring)
                                (no ring)
                                (no ring)

@: brilliant, lethally poisoned (0 -> -5), appendage, not resistant to hostile
enchantments, unstealthy
A: almost no armour, amphibious, 8 rings, constrict 8, tentacle spike 3,
camouflage 1, gelatinous body 1
a: End Transformation


You were on level 2 of the Dungeon.
You were not hungry.
One of your tentacles had a temporary spike.
You visited 1 branch of the dungeon, and saw 2 of its levels.

You collected 46 gold pieces.

Inventory:

Missiles
 a - 12 arrows
Jewellery
 h - a cursed amulet of inaccuracy {unknown}
Books
 b - a book of Changes

   Spells                             Type                      Level
   a - Beastly Appendage              Transmutation                1
   b - Sticks to Snakes               Transmutation                2
   c - Spider Form                    Transmutation/Poison         3
   d - Ice Form                       Ice/Transmutation            4
   e - Blade Hands                    Transmutation                5
Comestibles
 c - 3 bread rations
 f - a royal jelly


   Skills:
 - Level 1.0 Fighting
 - Level 2.0 Dodging
 - Level 3.0 Unarmed Combat
 * Level 2.6 Spellcasting
 * Level 2.6 Transmutations


You had 5 spell levels left.
You knew the following spells:

 Your Spells              Type           Power        Failure   Level  Hunger
a - Beastly Appendage     Trmt           ####..       1%          1    None


Dungeon Overview and Level Annotations

Branches:
Dungeon (2/15)

Altars:
The Shining One


Innate Abilities, Weirdness & Mutations

You cannot wear most types of armour.
You are amphibious.
You can wear up to eight rings at the same time.
You can use your tentacles to constrict eight enemies at once.
Your skin changes colour to match your surroundings (Stealth).
Your rubbery body absorbs attacks (AC +1).
One of your tentacles bears a large vicious spike.


Message History

You pierce the adder, but do no damage.
The adder is heavily wounded.
You feel sick. The bat misses you. The adder bites you.
* * * LOW HITPOINT WARNING * * *
You miss the adder. Your grab misses the adder.
You pierce the adder, but do no damage.
The adder is heavily wounded.
The bat hits you but does no damage. The adder misses you.
Unknown command.
Drink which item? (? for menu, Esc to quit)
It was a potion of cure mutation.
It has a very clean taste.
* * * LOW HITPOINT WARNING * * *
You feel sick. The bat barely misses you. The adder closely misses you.
The adder bites you.
* * * LOW HITPOINT WARNING * * *
Drink which item? (? for menu, Esc to quit)
It was a potion of brilliance.
You feel clever all of a sudden. The bat closely misses you.
The adder bites you.
You die...

###### #...)####
######## #.......
....[..# #.....#
###....# #.(..#
..#....#### #....#
#...#.^...## #@S..#
..†....##..# #....#
#..#...###.#####....##
#..##...#........b...#
#.###......#####.......#
#.# ###.....#
####(##....
#.###.......# .# .#S
......##....# .. #
#..#####...... ..#


You could see an adder and a bat.

Vanquished Creatures
  An ooze (D:1)
  A giant gecko (D:2)
  A ball python (D:1)
  3 goblins (D:1)
  A hobgoblin (D:1)
  6 bats
  2 giant cockroaches
  A giant newt (D:1)
  A kobold (D:1)
  2 rats (D:2)
19 creatures vanquished.

Notes
Turn   | Place    | Note
--------------------------------------------------------------
     0 | D:1      | nuthulu the Octopode Transmuter began the quest for the Orb.
     0 | D:1      | Reached XP level 1. HP: 13/13 MP: 3/3
   294 | D:1      | Found a glowing golden altar of the Shining One.
   484 | D:1      | Reached XP level 2. HP: 12/18 MP: 1/5
  1153 | D:2      | Slain by an adder

Vault maps used:
D:1:      roderic_crossed_star, serial_bayou_ford_a, grunt_decor_mini_mirrors,
          minmay_misc_feat_encased, corexii_leaking_fountain, minmay_liquid_box,
          kennysheep_minor_cross, tso_metal_star
D:2:      fedhas_altar_2

Action                   || total
-------------------------++-------
Melee: Unarmed           ||    41
 Cast: Beastly Appendage ||    13
  Use: Scroll            ||     1
       Potion            ||     2
 Stab: Sleeping          ||     4
  Eat: Chunk             ||     1
